 Dungeon Crawl Stone Soup version 0.21.1-1-g345015f (webtiles) character file.

4319 estiflan the Carver (level 10, -2/86 HPs)
             Began as a Hill Orc Fighter on June 16, 2018.
             Was a Priest of Yredelemnul.
             Slain by matthes123's ghost (10 damage)
             ... on level 9 of the Dungeon on June 18, 2018.
             The game lasted 00:27:52 (9590 turns).

estiflan the Carver (Hill Orc Fighter)              Turns: 9590, Time: 00:27:53

Health: -2/86      AC: 10    Str: 26    XL:     10   Next: 33%
Magic:  10/10      EV: 11    Int:  8    God:    Yredelemnul [***...]
Gold:   209        SH: 12    Dex: 10    Spells: 9/9 levels left

rFire    . . .     SeeInvis .   t - +0 long sword
rCold    . . .     Gourm    .   c - +0 shield
rNeg     + . .     Faith    .   A - +0 ring mail
rPois    .         Spirit   .   (no helmet)
rElec    .         Reflect  .   s - +0 cloak
rCorr    .         Harm     .   w - +1 pair of gloves of the Demon Prince {rN+}
MR       .....                  (no boots)
Stlth    +.........             (no amulet)
HPRegen  0.24/turn              v - +3 ring of strength
MPRegen  0.12/turn              (no ring)

@: about to teleport
A: no striking features
a: Recall Undead Slaves, Injury Mirror, Animate Dead, Renounce Religion


You were on level 9 of the Dungeon.
You worshipped Yredelemnul.
Yredelemnul was most pleased with you.
You were not hungry.

You visited 2 branches of the dungeon, and saw 10 of its levels.

You collected 428 gold pieces.
You spent 219 gold pieces at shops.

Inventory:

Hand Weapons
 t - a +0 long sword (weapon)
Armour
 c - a +0 shield (worn)
 s - a +0 cloak (worn)
 w - the +1 pair of gloves of the Demon Prince (worn) {rN+}
   (You found it on level 6 of the Dungeon)

   It protects you from negative energy.
 A - a +0 ring mail (worn)
Jewellery
 v - a +3 ring of strength (left hand)
 x - an uncursed ring of ice {unknown}
Wands
 a - a wand of polymorph (11)
Scrolls
 h - 2 scrolls of teleportation
 j - 2 scrolls of remove curse
 k - 2 scrolls of blinking
 l - a scroll of fear {unknown}
 o - 2 scrolls of identify
 p - a scroll of magic mapping {unknown}
 r - a scroll of fog
 u - a scroll of enchant weapon {unknown}
 z - a scroll of noise {unknown}
Potions
 b - 4 potions of curing
 d - 3 potions of might
 e - a potion of mutation {unknown}
 g - 2 potions of flight
 i - a potion of degeneration {unknown}
 m - 7 potions of agility
 n - 3 potions of lignification {unknown}
 q - 2 potions of brilliance {unknown}
 B - a potion of heal wounds {unknown}
Books
 y - a book of Misfortune

   Spells                             Type                      Level
   a - Confusing Touch                Hexes                        1
   b - Confuse                        Hexes                        3
   c - Gell's Gravitas                Translocation                3
   d - Petrify                        Transmutation/Earth          4
   e - Metabolic Englaciation         Hexes/Ice                    5
   f - Yara's Violent Unravelling     Hexes/Transmutation          5
Comestibles
 f - 13 rations


   Skills:
 + Level 7.2 Fighting
 + Level 9.5 Long Blades
 + Level 8.0 Armour
 + Level 3.2 Dodging
 + Level 1.1 Stealth
 + Level 8.7 Shields
 + Level 0.5 Invocations


You had 9 spell levels left.
You didn't know any spells.

Dungeon Overview and Level Annotations

Branches:
Dungeon (9/15)             Temple (1/1) D:4
   Lair: D:8-11         Orc: D:9-12

Altars:
Ashenzari
Cheibriados
Dithmenos
Elyvilon
Fedhas
Gozag
Hepliaklqana
Kikubaaqudgha
Makhleb
Nemelex Xobeh
Okawaru
Qazlal
Ru
Sif Muna
Trog
Uskayaw
Vehumet
Wu Jian
Xom
Yredelemnul
The Shining One

Shops:
D:6 =   D:8 *   D:9 :

Annotations:
D:9 matthes123's ghost, novice MfGl


Message History

There is an open door here.
You hit matthes123's ghost but do no damage.
Matthes123's ghost is lightly damaged.
Matthes123's ghost hits you!!
* * * LOW HITPOINT WARNING * * *
Matthes123's ghost freezes you.
* * * LOW HITPOINT WARNING * * *
You barely miss matthes123's ghost.
Matthes123's ghost is lightly damaged.
You block matthes123's ghost's attack.
You hit matthes123's ghost but do no damage.
Matthes123's ghost is lightly damaged.
Matthes123's ghost hits you!
* * * LOW HITPOINT WARNING * * *
Matthes123's ghost freezes you.
* * * LOW HITPOINT WARNING * * *
As you read the scroll of teleportation, it crumbles to dust.
You feel strangely unstable. Matthes123's ghost hits you!
You die...
Your body rises from the dead as a mindless zombie. .P.P......# P...PPP.P.### #..#... ..?.P....$. ....#...# ....P..P# #...#A..# P.P

####..P..# #...#####
.P..#..'..†).## #....._..
#### P... #....%.#
#......... #...
.P.P####...P..###.........
'...
..PPP...P...P.oW@.........
#..[
P.PP...P.P..#####.........
#... ..P.P.P.P.P.#
#......... ###[..
#P..PP.P...##
#.........#......
###......###
#...........##### ###..###
#..###.###..# ##..#
##...#.# ...# ##.##
#.#.#.###.. ##+ #..#
#.#.....#.# #..


You could see an angel, an orc warrior and matthes123's ghost.

Vanquished Creatures
  A two-headed ogre (D:8)
  Prince Ribbit (D:5)
  A hippogriff (D:9)
  Sigmund (D:3)
  A yak (D:7)
  A hog (D:7)
  An orc warrior (D:8)
  4 porcupines (D:9)
  An ice beast (D:6)
  A black bear (D:5)
  2 sky beasts
  A necrophage (D:5)
  2 ogres
  3 phantoms
  A centaur (D:3)
  3 bullfrogs
  2 big kobolds (D:8)
  Blork the orc (D:4)
  A scorpion (D:6)
  A crimson imp (D:6)
  A centaur zombie (D:6)
  4 hounds
  Crazy Yiuf (D:3)
  5 bullfrog skeletons
  2 jellies
  3 orc priests
  2 iguanas
  An orc wizard (D:7)
  4 worker ants
  2 hound zombies
  Robin (D:3)
  7 adders
  An adder skeleton (D:6)
  An adder zombie (D:7)
  A worm (D:4)
  2 dart slugs
  3 leopard geckos
  23 orcs
  4 ball pythons
  4 giant cockroaches
  15 goblins
  14 hobgoblins
  6 jackals
  A quokka (D:3)
  11 bats
  2 frilled lizards
  20 kobolds
  A leopard gecko zombie (D:6)
  A quokka skeleton (D:5)
  10 rats
183 creatures vanquished.

Vanquished Creatures (collateral kills)
  A hippogriff (D:9)
  A scorpion (D:9)
  An orc (D:9)
3 creatures vanquished.

Vanquished Creatures (others)
  A wight (D:9)
  4 fungi (D:9)
  3 plants (D:9)
8 creatures vanquished.

Grand Total: 194 creatures vanquished

Notes
Turn   | Place    | Note
-------+----------+-------------------------------------------
     0 | D:1      | estiflan the Hill Orc Fighter began the quest for the Orb.
     0 | D:1      | Reached XP level 1. HP: 19/19 MP: 1/1
   109 | D:1      | Reached XP level 2. HP: 27/27 MP: 2/2
   642 | D:1      | Reached XP level 3. HP: 32/33 MP: 3/3
   780 | D:2      | Found a basalt altar of Yredelemnul.
   788 | D:2      | Became a worshipper of Yredelemnul the Dark
   937 | D:2      | Reached skill level 1 in Dodging
  1131 | D:2      | Reached XP level 4. HP: 40/40 MP: 4/4
  1512 | D:3      | Reached skill level 3 in Long Blades
  1513 | D:3      | Noticed a centaur
  1515 | D:3      | Reached * piety under Yredelemnul
  1521 | D:3      | Killed a centaur
  1521 | D:3      | Reached XP level 5. HP: 34/46 MP: 5/5
  1535 | D:3      | Noticed Robin
  1740 | D:3      | Killed Robin
  1842 | D:3      | Found a hide-covered altar of Uskayaw.
  1865 | D:3      | Reached skill level 4 in Long Blades
  1900 | D:3      | Reached XP level 6. HP: 46/53 MP: 6/6
  2033 | D:3      | Found a runed door.
  2092 | D:3      | Found a glowing drain.
  2112 | D:3      | Noticed Sigmund
  2126 | D:3      | Killed Sigmund
  2126 | D:3      | Reached skill level 5 in Shields
  2733 | D:3      | Noticed Crazy Yiuf
  2742 | D:3      | Killed Crazy Yiuf
  2742 | D:3      | Reached ** piety under Yredelemnul
  2878 | D:4      | Noticed Blork the orc
  2887 | D:4      | Killed Blork the orc
  2887 | D:4      | Reached skill level 5 in Long Blades
  2887 | D:4      | Reached XP level 7. HP: 59/60 MP: 7/7
  3347 | D:4      | Found a white marble altar of Elyvilon.
  3442 | D:4      | Reached skill level 5 in Fighting
  3668 | D:4      | Found a shadowy altar of Dithmenos.
  4136 | D:4      | Found a staircase to the Ecumenical Temple.
  4443 | Temple   | Entered the Ecumenical Temple
  4647 | D:5      | Entered Level 5 of the Dungeon
  4668 | D:5      | Found a bloodstained altar of Trog.
  4684 | D:5      | Found a stormy altar of Qazlal.
  4687 | D:5      | Found an iron altar of Okawaru.
  4687 | D:5      | Found an opulent altar of Gozag.
  4876 | D:5      | Reached skill level 6 in Long Blades
  4876 | D:5      | Reached skill level 5 in Armour
  4876 | D:5      | Reached XP level 8. HP: 48/68 MP: 8/8
  5004 | D:5      | Noticed Prince Ribbit
  5035 | D:5      | Found a bloodstained altar of Trog.
  5051 | D:5      | Killed Prince Ribbit
  5820 | D:5      | Found a blossoming altar of Fedhas.
  5961 | D:6      | Reached skill level 1 in Stealth
  5987 | D:6      | Reached skill level 7 in Long Blades
  6003 | D:6      | Found Ipnop's Jewellery Shop.
  6008 | D:6      | Bought a +3 ring of strength for 219 gold pieces
  6217 | D:6      | Got a pair of shimmering gloves
  6228 | D:6      | Identified the +1 pair of gloves of the Demon Prince {rN+} (You found it on level 6 of the Dungeon)
  6248 | D:6      | Reached XP level 9. HP: 75/75 MP: 9/9
  6745 | D:7      | Reached skill level 8 in Long Blades
  7163 | D:7      | HP: 1/78 [orc priest/divine providence (10)]
  7917 | D:8      | Noticed a two-headed ogre
  7933 | D:8      | Killed a two-headed ogre
  7933 | D:8      | Reached skill level 9 in Long Blades
  7933 | D:8      | Reached XP level 10. HP: 21/84 MP: 10/10
  8404 | D:8      | Found Lutuironoji's Changing Room.
  8561 | D:8      | Found a hazy altar of Hepliaklqana.
  8825 | D:9      | Reached *** piety under Yredelemnul
  8841 | D:9      | Found a sacrificial altar of Ru.
  9222 | D:9      | Noticed matthes123's ghost (novice MfGl)
  9383 | D:9      | Found Farchan's Book Shoppe.
  9394 | D:9      | Received a gift from Yredelemnul (a wight)
  9562 | D:9      | Found a shimmering altar of Xom.
  9564 | D:9      | Noticed an angel
  9590 | D:9      | Slain by matthes123's ghost

Skill      XL: |  1  2  3  4  5  6  7  8  9 10 |
---------------+-------------------------------+-----
Fighting       | 4 5 6 7 |  7.2
Dodging        | 1 2 3 |  3.2
Long Blades    | 3 4 5 6 7 9 |  9.5
Shields        | 4 5 6 7 8 |  8.7
Armour         | 4 5 6 7 8 |  8.0
Stealth        | 1 |  1.1
Invocations    | |  0.5

Action                   |  1- 3 |  4- 6 |  7- 9 | 10-12 || total
-------------------------+-------+-------+-------+-------++-------
Melee: Long sword        |   117 |   151 |   424 |   146 ||   838
Invok: Injury Mirror     |       |       |     1 |     1 ||     2
  Use: Scroll            |       |       |     9 |     3 ||    12
       Potion            |       |       |     5 |     1 ||     6
  Eat: Chunk             |     1 |     6 |     6 |     1 ||    14
       Ration            |       |       |     3 |     2 ||     5
Armor: Scale mail        |    82 |    61 |   177 |     4 ||   324
       Ring mail         |       |       |       |    39 ||    39
Dodge: Dodged            |    40 |    49 |   154 |    71 ||   314
Block: Shield            |   102 |   105 |   252 |   109 ||   568
       Rpst.: Long sword |    16 |    12 |    43 |    17 ||    88
